 Dungeon Crawl Stone Soup version 0.20-a0-454-g2b43fbb (webtiles) character file.

313 HarleyQuinn the Conjurer (level 6, 0/32 HPs)
             Began as a Tengu Conjurer on Jan 8, 2017.
             Killed from afar by an orc wizard (9 damage)
             ... with a puff of frost
             ... on level 4 of the Dungeon.
             The game lasted 00:07:47 (5516 turns).

HarleyQuinn the Conjurer (Tengu Conjurer)           Turns: 5516, Time: 00:07:48

Health: 0/32       AC:  2    Str:  8    XL:     6   Next: 43%
Magic:  7/11       EV: 13    Int: 17    God:
Gold:   218        SH:  0    Dex: 15    Spells: 8/11 levels left

rFire  . . .     SeeInvis .     h - +4 spear
rCold  . . .     Gourm    .     a - +0 robe
rNeg   . . .     Faith    .     (no shield)
rPois  .         Spirit   .     (helmet restricted)
rElec  .         Reflect  .     (no cloak)
rCorr  .         Harm     .     (no gloves)
MR     .....                    (boots unavailable)
Stlth  ++........               r - amulet of rage
                                (no ring)
                                (no ring)

@: no status effects
A: beak, talons 3, able to fly 1
a: Fly, Evoke Berserk Rage


You were on level 4 of the Dungeon.
You were not hungry.

You visited 1 branch of the dungeon, and saw 4 of its levels.

You collected 218 gold pieces.

Inventory:

Hand Weapons
 e - a +0 short sword
 h - a +4 spear (weapon)
Armour
 a - a +0 robe (worn)
Jewellery
 r - an amulet of rage (around neck)
Wands
 l - a wand of digging (16/24)
 p - a wand of confusion (24/48)
Scrolls
 d - a scroll of immolation {unknown}
 j - a scroll of amnesia {unknown}
 k - 4 scrolls of teleportation {unknown}
 q - 3 scrolls of identify {unknown}
 s - a scroll of remove curse {unknown}
 t - a scroll of recharging {unknown}
Potions
 i - a potion of might {unknown}
 m - a potion of haste {unknown}
 o - a potion of cure mutation {unknown}
 u - a potion of curing {unknown}
 w - a potion of magic {unknown}
Books
 b - a book of Conjurations

   Spells                             Type                      Level
   a - Magic Dart                     Conjuration                  1
   b - Searing Ray                    Conjuration                  2
   c - Dazzling Spray                 Conjuration/Hexes            3
   d - Fulminant Prism                Conjuration/Hexes            4
   e - Iskenderun's Mystic Blast      Conjuration                  4
   f - Iskenderun's Battlesphere      Conjuration/Charms           5
Comestibles
 c - 5 bread rations
 f - 2 slices of pizza
 g - 4 meat rations
 n - 4 fruits


   Skills:
 + Level 5.7 Polearms
 - Level 2.1 Dodging
 - Level 2.0 Stealth
 - Level 3.0 Spellcasting
 - Level 5.8 Conjurations


You had 8 spell levels left.
You knew the following spells:

 Your Spells              Type           Power        Failure   Level  Hunger
a - Magic Dart            Conj           ###.         1%          1    None
b - Searing Ray           Conj           ###...       2%          2    ##.....


Dungeon Overview and Level Annotations

Branches:
Dungeon (4/15)
 Temple: D:4-7

Altars:

Shops:
D:4 %


Innate Abilities, Weirdness & Mutations

You have a beak for a mouth.
You have claws for feet.
You can fly.


Message History

The orc wizard moves out of view.
Found a stone staircase leading down.
An orc comes into view. It is wielding a hand axe.
An orc comes into view. It is wielding a club.
The orc wizard closely misses you.
The orc wizard gestures at you while chanting.
The puff of frost hits you!
* * * LOW HITPOINT WARNING * * *
The orc wizard points at you and mumbles some strange words.
The puff of flame misses you. The orc hits you but does no damage.
The orc wizard gestures wildly while chanting.
The orc wizard seems to speed up.
The orc barely misses you. The orc wizard closely misses you.
The orc wizard looks satisfied for a moment.
Found a scroll labeled GUNYN GEPA.
The orc wizard casts a spell at you. The puff of flame misses you.
The orc wizard points at you and mumbles some strange words.
The puff of frost hits you!
You die...

## .. ## ### #. .####
#..# ##. ##.... # #..
##(..###..# .## #.#
.##...?.@..# .>o####..
......##..#
##.......... ##...
##.###.....o..##..
##...## #ooo...# #..
.##.....# ##....## ##.
........####...## ##.
#... #.[........# #..
# #..#....#.........#
#..
..##.....###.####....#
.....


You could see 2 orc wizards and an orc.

Vanquished Creatures
  A crocodile (D:3)
  Ijyb (D:3)
  Jessica (D:2)
  An iguana (D:4)
  A worker ant (D:4)
  3 adders
  An ooze (D:3)
  3 worms
  A dart slug (D:3)
  2 leopard geckos
  6 orcs
  5 giant cockroaches
  6 hobgoblins
  14 jackals
  9 kobolds
  A quokka (D:3)
  A ball python (D:1)
  8 bats
  3 frilled lizards
  10 goblins
  A jackal skeleton (D:4)
  12 rats
91 creatures vanquished.

Notes
Turn   | Place    | Note
-------+----------+-------------------------------------------
     0 | D:1      | HarleyQuinn the Tengu Conjurer began the quest for the Orb.
     0 | D:1      | Reached XP level 1. HP: 10/10 MP: 4/4
   716 | D:1      | Reached XP level 2. HP: 12/15 MP: 6/6
  1986 | D:2      | Learned a level 2 spell: Searing Ray
  2111 | D:2      | Reached XP level 3. HP: 19/19 MP: 6/8
  2614 | D:2      | Reached skill level 1 in Polearms
  2654 | D:2      | Reached XP level 4. HP: 20/24 MP: 9/9
  3250 | D:2      | Noticed Jessica
  3254 | D:2      | Killed Jessica
  3493 | D:3      | Gained mutation: You can fly. [Tengu growth]
  3493 | D:3      | Reached XP level 5. HP: 22/28 MP: 10/10
  4251 | D:3      | Noticed Ijyb
  4259 | D:3      | Killed Ijyb
  4646 | D:3      | Noticed a crocodile
  4655 | D:3      | Killed a crocodile
  4655 | D:3      | Reached skill level 5 in Polearms
  4655 | D:3      | Reached XP level 6. HP: 22/32 MP: 7/11
  5027 | D:4      | Found Zaguejau's Food Emporium.
  5516 | D:4      | Killed from afar by an orc wizard

Vault maps used:
D:1:      doesnt_arrival_goblin_jail
D:2:      uniq_jessica
D:3:      first_bread, uniq_iyjb
D:4:      serial_shops, shop_fountains

Skill      XL: |  1  2  3  4  5 |
---------------+----------------+-----
Spellcasting   | 3 |  3.0
Polearms       | 1 3 5 |  5.7
Dodging        | |  2.1
Stealth        | |  2.0
Conjurations   | |  5.8

Action                   |  1- 3 |  4- 6 || total
-------------------------+-------+-------++-------
Melee: Unarmed           |     7 |       ||     7
       Club              |     9 |       ||     9
       Peck              |     3 |    14 ||    17
       Kick              |     3 |    22 ||    25
       Spear             |    27 |   112 ||   139
 Cast: Magic Dart        |    50 |    21 ||    71
       Searing Ray       |     3 |       ||     3
 Abil: Fly               |       |     2 ||     2
       Evoke Berserk Rag |       |     2 ||     2
 Stab: Sleeping          |     1 |     7 ||     8
  Eat: Chunk             |     6 |    11 ||    17
Armor: Robe              |     9 |    11 ||    20
Dodge: Dodged            |    24 |    69 ||    93
